 Dungeon Crawl Stone Soup version 0.28.0-45-g0d030f2227 (webtiles) character file.

Game seed: 14287644182163428999

1600 pkoi the Insei (level 8, -4/67 HPs)
             Began as a Demigod Artificer on Apr 24, 2022.
             Slain by a human
             ... wielding a +0 long sword
              (8 damage)
             ... on level 6 of the Dungeon.
             The game lasted 00:11:36 (10823 turns).

pkoi the Insei (Demigod Artificer)                 Turns: 10823, Time: 00:11:37

Health: -4/67      AC: 20    Str: 17    XL:     8   Next: 36%
Magic:  10/10      EV:  7    Int: 13    God:
Gold:   295        SH:  0    Dex: 18    Spells: 4/7 levels left

rFire   . . .      SeeInvis .   q - +4 flail (protect)
rCold   . . .      Faith    .   (no shield)
rNeg    . . .      Spirit   .   k - +0 chain mail
rPois   .          Reflect  .   (no helmet)
rElec   .          Harm     .   z - +0 cloak
rCorr   .          Rampage  .   p - +2 pair of gloves
Will    .....                   i - +0 pair of boots
Stlth   ..........              (no amulet)
HPRegen 0.21/turn               (no ring)
MPRegen 0.12/turn               (no ring)

@: under a protective aura
A: high MP 1, forlorn, divine attributes
a: no special abilities


You were on level 6 of the Dungeon.
You visited 2 branches of the dungeon, and saw 8 of its levels.

You collected 377 gold pieces.
You spent 82 gold pieces at shops.

Inventory:

Hand Weapons
 a - a +0 club
 h - a +1 short sword of freezing
 q - a +4 flail of protection (weapon)
 s - a +1 vampiric rapier
Missiles
 o - 4 poisoned darts
 v - 11 boomerangs (quivered)
Armour
 i - a +0 pair of boots (worn)
 k - a +0 chain mail (worn)
 p - a +2 pair of gloves (worn)
 x - an orb of wrath
 z - a +0 cloak (worn)
Magical Staves
 j - a staff of conjuration
Jewellery
 w - a ring of flight
Wands
 c - a wand of flame (2)
 d - a wand of charming (2)
Scrolls
 b - a scroll of blinking
 f - 3 scrolls of teleportation
 m - 4 scrolls of identify
 y - a scroll of enchant armour
Potions
 g - 4 potions of curing
 n - a potion of invisibility
 r - 3 potions of haste
 t - a potion of lignification
 u - a potion of ambrosia
Miscellaneous
 e - a piece from Xom's chessboard (5/15)


   Skills:
 + Level 4.3 Fighting
 - Level 1.7 Armour
 - Level 0.8 Dodging
 - Level 0.8 Stealth
 * Level 6.8 Unarmed Combat
 + Level 6.3 Evocations


You had 4 spell levels left.
You knew the following spells:

 Your Spells              Type           Power      Damage    Failure   Level
a - Ignite Poison         Fire/Tmut/Pois 0%         N/A       100%        3

Your spell library contained the following spells:

 Spells                   Type           Power      Damage    Failure   Level
 Dazzling Flash           Conj/Hex       0%         N/A       100%        3
 Mephitic Cloud           Conj/Pois/Air  0%         N/A       100%        3
 Agony                    Necr           0%         N/A       100%        5
 Freezing Cloud           Conj/Ice/Air   0%         6-21      100%        5
 Silence                  Hex/Air        0%         N/A       100%        5


Dungeon Overview and Level Annotations

Branches:
Dungeon (7/15)             Temple (1/1) D:6

Shops:
D:4 ?

Annotations:
D:4 1 runed translucent door, Crazy Yiuf


Innate Abilities, Weirdness & Mutations

You have an increased reservoir of magic. (+10% MP)
You shall have no god before yourself.
Your divine heritage dramatically boosts your attributes as you level up.


Message History

Your weapon exudes an aura of protection.
Your punch misses the human.
The human is lightly wounded.
The human hits you but does no damage.
You closely miss the human.
The human is lightly wounded.
The human hits you but does no damage.
You completely miss the human. You punch the human.
The human is moderately wounded.
The human hits you with a +0 long sword.
* * * LOW HITPOINT WARNING * * *
The human hits you but does no damage.
You hit the human but do no damage.
Your weapon exudes an aura of protection.
The human is lightly wounded.
The human barely misses you.
You sock the human!
The human is moderately wounded.
The human hits you with a +0 long sword!
* * * LOW HITPOINT WARNING * * *
The human hits you but does no damage.
You hit the human.
The human is heavily wounded.
The human hits you with a +0 long sword.
* * * LOW HITPOINT WARNING * * *
You closely miss the human.
The human is heavily wounded.
The human completely misses you.
You closely miss the human.
The human is heavily wounded.
The human hits you with a +0 long sword!
* * * LOW HITPOINT WARNING * * *
The human hits you but does no damage.
You sock the human!
The human is severely wounded.
The human hits you with a +0 long sword.
* * * LOW HITPOINT WARNING * * *
You make a move on Xom's chessboard...
The human twists and deforms.
The human hits you with a +0 long sword!
You die...

...###..........####.#..##
.#...........######..#.##
##....##..#### #.....#
####..####.# #....##
###...###..## #.).##
.#..#..#..#.## ##...#
....##...##..####...##
...##.#..####..##..##
...###...###...p@..#
....#........####..# ####
.#....##....># ##.####..##
####..###....# ##.##....##
##....#......# #.#......#
.#.....#.....# ##.......#
...#.#...###.## #........#
#..###..#.###.#
##........#
...###...#.#.##
##.........#


You could see a human (misshapen).

Vanquished Creatures
  Eustachio (D:5)
  Edmund (D:4)
  A water moccasin (D:6)
  A black bear (D:5)
  2 ice beasts (D:6)
  A necrophage (D:5)
  A lemure (D:3)
  A wyvern zombie (D:4)
  A water moccasin zombie (D:6)
  3 scorpions
  A killer bee (D:4)
  A howler monkey (D:5)
  A bullfrog zombie (D:6)
  A hound (D:6)
  2 jellies
  A bullfrog skeleton (D:5)
  An iguana (D:7)
  A scorpion zombie (D:5)
  5 adders
  3 shadow imps
  A white imp (D:6)
  2 worms
  2 dart slugs
  11 orcs
  5 endoplasms
  5 giant cockroaches
  12 goblins
  6 hobgoblins
  4 jackals (D:2)
  4 quokkas
  4 ball pythons (D:1)
  8 bats
  4 frilled lizards
  6 kobolds
  6 rats
110 creatures vanquished.

Vanquished Creatures (others)
  A phantom (D:4)
  5 killer bees (D:4)
  6 plants (D:2)
12 creatures vanquished.

Grand Total: 122 creatures vanquished

Notes
Turn   | Place    | Note
-------+----------+-------------------------------------------
     0 | D:1      | pkoi the Demigod Artificer began the quest for the Orb.
     0 | D:1      | Reached XP level 1. HP: 15/15 MP: 3/3
   975 | D:1      | Reached skill level 1 in Unarmed Combat
  1334 | D:1      | Reached XP level 2. HP: 22/22 MP: 4/4
  1364 | D:1      | Reached skill level 1 in Fighting
  2649 | D:2      | Reached XP level 3. HP: 28/28 MP: 5/5
  3973 | D:2      | Reached XP level 4. HP: 36/36 MP: 6/6
  5406 | D:4      | Reached XP level 5. HP: 13/41 MP: 7/7
  5897 | D:4      | HP: 2/41 [poisoned by a killer bee]
  5912 | D:4      | Reached XP level 6. HP: 7/48 MP: 8/8
  6291 | D:4      | Found a runed translucent door.
  6292 | D:4      | Noticed Crazy Yiuf
  6452 | D:4      | Found Nuvuts's Magic Scroll Boutique.
  6587 | D:4      | Bought a scroll of blinking for 82 gold pieces
  7022 | D:4      | Reached skill level 5 in Evocations
  7884 | D:5      | Entered Level 5 of the Dungeon
  8181 | D:5      | Reached XP level 7. HP: 44/56 MP: 9/9
  8413 | D:5      | Noticed Edmund
  8495 | D:4      | Killed Edmund
  8496 | D:4      | Reached skill level 5 in Unarmed Combat
  8990 | D:5      | Noticed Eustachio
  9004 | D:5      | Killed Eustachio
  9535 | D:6      | Reached XP level 8. HP: 66/66 MP: 10/10
 10264 | D:6      | Found a staircase to the Ecumenical Temple.
 10283 | Temple   | Entered the Ecumenical Temple
 10503 | D:6      | Learned a level 3 spell: Ignite Poison
 10823 | D:6      | Slain by a human

Illustrated notes

Levels and vault maps discovered:
D:1:      minmay_arrival_diagonal_passages, layout_loops_corners
D:2:      layout_loops_corners, basic_altar,
          dreamdust_ecumenical_altar_hidden_monk_grotto
D:3:      layout_basic, minmay_puff
D:4:      layout_loops_corners, serial_shops, nicolae_shop_window_shopping,
          minmay_misc_feat_four_crosses, grunt_ministairs_2, uniq_pikel,
          uniq_crazy_yiuf_cottage
D:5:      layout_loops_ring, uniq_edmund, uniq_eustachio
D:6:      hellmonk_destroyed_diamonds, layout_cave_pods,
          minmay_temple_entry_offerings
D:7:      layout_basic, okawaru_humans, gammafunk_ghost_grave, uniq_joseph
Temple:   mainiacjoe_temple_archimedes_tessellation

Skill      XL: |  1  2  3  4  5  6  7  8 |
---------------+-------------------------+-----
Unarmed Combat | 1 2 3 4 6 |  6.8
Evocations     | 3 4 5 6 |  6.3
Fighting       | 1 2 3 4 |  4.3
Armour         | |  1.7
Dodging        | |  0.8
Stealth        | |  0.8

Action                   |  1- 3 |  4- 6 |  7- 9 || total
-------------------------+-------+-------+-------++-------
Melee: Short sword       |   172 |   162 |     8 ||   342
       Club              |    14 |       |       ||    14
       Punch             |     4 |     4 |    11 ||    19
       Unarmed           |       |    40 |    20 ||    60
       Flail             |       |       |    96 ||    96
       Rapier            |       |       |    17 ||    17
Throw: Boomerang         |       |     3 |       ||     3
Evoke: Wand              |       |    23 |     3 ||    26
       Piece from Xom's  |       |       |    17 ||    17
  Use: Scroll            |     7 |     3 |     1 ||    11
       Potion            |     1 |     6 |       ||     7
 Stab: Sleeping          |     2 |       |       ||     2
       Petrified         |       |       |    17 ||    17
       Paralysed         |       |       |    17 ||    17
Armor: Leather armour    |    15 |       |       ||    15
       Chain mail        |    97 |   122 |   112 ||   331
Dodge: Dodged            |    74 |    58 |    42 ||   174
